 Dungeon Crawl Stone Soup version 0.31-a0-986-g5e6e4ef867 (webtiles) character file.

Game seed: 5200271062826078143

2916 voltaire321 the Sneak (level 10, -3/58 HPs)
             Began as a Kobold Enchanter on Nov 5, 2023.
             Was a Follower of Wu Jian.
             Slain by an elephant (16 damage)
             ... on level 8 of the Dungeon.
             The game lasted 00:21:37 (8498 turns).

voltaire321 the Sneak (Kobold Enchanter)            Turns: 8498, Time: 00:21:38

Health: -3/58      AC:  5    Str: 10    XL:     10   Next: 6%
Magic:  10/17      EV: 17    Int: 17    God:    Wu Jian [*.....]
Gold:   384        SH:  0    Dex: 15    Spells: 7/18 levels left

rFire   + . .        y - +1 rapier (freeze)
rCold   + . .        (no shield)
rNeg    . . .        E - +0 robe {rC+}
rPois   +            (no helmet)
rElec   .            H - +0 cloak
rCorr   .            (no gloves)
SInv    .            x - +1 pair of boots
Will    .....        e - amulet of the acrobat
Stlth   +++++        i - ring of protection from fire
HPRegen 0.29/turn    m - ring of poison resistance
MPRegen 0.15/turn

%: acrobat
@: confusing by touch
A: small, no large weapons, nightstalker 3
a: Renounce Religion


You were on level 8 of the Dungeon.
You worshipped Wu Jian.
Wu Jian was aware of your devotion.
You visited 2 branches of the dungeon, and saw 9 of its levels.

You collected 384 gold pieces.

Inventory:

Hand Weapons
 a - a +1 dagger
 j - a +2 dagger of flaming
 s - a +2 whip of electrocution
 y - a +1 rapier of freezing (weapon)
Missiles
 v - a curare-tipped dart
 z - 3 poisoned darts
Armour
 x - a +1 pair of boots (worn)
 A - a +0 robe of fire resistance
 E - a +0 robe of cold resistance (worn)
 H - a +0 cloak (worn)
Jewellery
 b - a ring of fire
 d - a ring of magical power
 e - an amulet of the acrobat (around neck)
 i - a ring of protection from fire (left hand)
 m - a ring of poison resistance (right hand)
Wands
 w - a wand of flame (21)
 B - a wand of polymorph (12)
 D - a wand of acid (11)
 F - a wand of charming (8)
Scrolls
 f - 2 scrolls of fog
 g - a scroll of poison
 h - a scroll of blinking
 l - a scroll of amnesia
Potions
 c - a potion of invisibility
 k - 2 potions of enlightenment
 n - a potion of lignification
 o - a potion of mutation {unknown}
 p - a potion of brilliance {unknown}
 q - a potion of heal wounds {unknown}
 r - a potion of ambrosia {unknown}
 t - a potion of might {unknown}
 u - a potion of curing {unknown}
 C - a potion of magic


   Skills:
 + Level 4.8 Fighting
 + Level 6.1 Short Blades
 + Level 3.2 Armour
 + Level 5.8 Dodging
 + Level 7.5 Stealth
 + Level 4.9 Spellcasting
 + Level 3.6 Conjurations
 + Level 5.3 Hexes
 - Level 4.0 Ice Magic


You had 7 spell levels left.
You knew the following spells:

 Your Spells              Type           Power      Damage    Failure   Level
a - Ensorcelled Hibernat  Hex/Ice        40%        N/A       3%          2
b - Confusing Touch       Hex            22%        N/A       4%          3
c - Tukima's Dance        Hex            22%        N/A       4%          3
d - Dazzling Flash        Conj/Hex       38%        N/A       7%          3

Your spell library contained the following spells:

 Spells                   Type           Power      Damage    Failure   Level
 Summon Small Mammal      Summ           16%        N/A       14%         1
 Summon Guardian Golem    Hex/Summ       13%        N/A       14%         3
 Sublimation of Blood     Necr           4%         N/A       22%         2
 Wereblood                Tmut           4%         N/A       22%         2
 Call Canine Familiar     Summ           4%         N/A       41%         3
 Summon Hydra             Summ           2%         N/A       100%        7


Dungeon Overview and Level Annotations

Branches:
Dungeon (8/15)             Temple (1/1) D:5
   Lair: D:8-11

Altars:
Ashenzari
Cheibriados
Dithmenos
Elyvilon
Fedhas
Gozag
Hepliaklqana
Kikubaaqudgha
Makhleb
Nemelex Xobeh
Okawaru
Qazlal
Ru
Sif Muna
Trog
Uskayaw
Vehumet
Wu Jian
Xom
Yredelemnul
Zin
The Shining One

Shops:
D:3 =   D:5 *


Innate Abilities, Weirdness & Mutations

You are small and have problems with some larger weapons.
You are completely attuned to the shadows.


Message History

You feel sick. The elephant closely misses you.
The elephant trunk-slaps you but does no damage.
You hit the elephant but do no damage.
The elephant is severely wounded.
You feel sick. The elephant misses you. The elephant trunk-slaps you.
You hit the elephant. You freeze the elephant.
The elephant is severely wounded.
You feel sick. The elephant misses you. The elephant completely misses you.
You hit the elephant. You freeze the elephant.
The elephant is almost dead.
You feel sick. The elephant barely misses you. x2
You hit the elephant but do no damage.
The elephant is almost dead.
You feel sick.
You are no longer poisoned.
The elephant misses you. x2
You hit the elephant but do no damage.
The elephant is almost dead.
The elephant tramples you!
You stumble backwards!
You completely miss the elephant.
The elephant is almost dead.
The elephant misses you. x2
You hit the elephant but do no damage.
The elephant is almost dead.
The elephant misses you. The elephant completely misses you.
You hit the elephant but do no damage.
The elephant is almost dead.
You hit the elephant. You freeze the elephant.
The elephant is almost dead.
The elephant completely misses you.
The elephant trunk-slaps you but does no damage.
You hit the elephant. You freeze the elephant.
The elephant is almost dead.
The elephant tramples you!
* * * LOW HITPOINT WARNING * * *
You stumble backwards!
Casting: Ensorcelled Hibernation (safe; 3% risk of failure)
Confirm with . or Enter, or press ? or * to list all spells.
Your hands begin to glow red.
The elephant tramples you!
You die... ..P.
YP..

###..?P #.....#
#Y##### ######### #.#
........## #.#
##.......###########.#
#.[.<.........@Y..†..#
##.......#############
##.....## ##...##
##.## ###


You could see an elephant.

Vanquished Creatures
  Eustachio (D:4)
  Menkaure (D:4)
  2 water moccasins (D:7)
  2 black bears
  An orc warrior (D:6)
  3 ogres
  A sky beast (D:7)
  A centaur (D:5)
  2 phantoms
  A kobold brigand (D:7)
  A bullfrog (D:6)
  A scorpion (D:8)
  8 wights (D:7)
  4 hounds
  A gnoll bouda (D:7)
  4 orc priests
  3 sleepcaps
  Natasha (thrice) (D:4)
  6 iguanas
  5 orc wizards
  8 gnolls
  10 adders
  A shadow imp (D:6)
  A white imp (D:7)
  A worm (D:1)
  2 dart slugs (D:2)
  21 orcs
  5 ball pythons
  9 endoplasms
  5 giant cockroaches
  8 goblins
  6 hobgoblins
  7 kobolds
  A quokka (D:5)
  3 bats
  2 frilled lizards
  4 rats
145 creatures vanquished.

Vanquished Creatures (others)
  A dancing weapon (D:7)
  A kobold (D:7)
2 creatures vanquished.

Grand Total: 147 creatures vanquished

Notes
Turn   | Place    | Note
-------+----------+-------------------------------------------
     0 | D:1      | voltaire321 the Kobold Enchanter began the quest for the
                  | Orb.
     0 | D:1      | Reached XP level 1. HP: 10/10 MP: 3/3
   129 | D:1      | Reached XP level 2. HP: 15/15 MP: 5/5
   404 | D:1      | Learned a level 2 spell: Ensorcelled Hibernation
   509 | D:1      | Reached XP level 3. HP: 20/20 MP: 6/6
  1032 | D:2      | Reached skill level 1 in Fighting
  1146 | D:2      | Reached XP level 4. HP: 19/25 MP: 2/7
  2006 | D:3      | Reached XP level 5. HP: 29/29 MP: 9/9
  2085 | D:3      | Found Qonoutea's One-of-a-Kind Rings.
  2103 | D:3      | Reached skill level 1 in Ice Magic
  2360 | D:3      | Found a hazy altar of Hepliaklqana.
  2851 | D:4      | Reached XP level 6. HP: 35/35 MP: 10/10
  2865 | D:4      | Learned a level 3 spell: Confusing Touch
  2869 | D:4      | Learned a level 3 spell: Tukima's Dance
  2873 | D:4      | Learned a level 3 spell: Dazzling Flash
  3033 | D:4      | Reached skill level 5 in Stealth
  3426 | D:4      | Noticed Natasha
  3433 | D:4      | Killed Natasha
  3464 | D:4      | Noticed Natasha
  3470 | D:4      | Killed Natasha
  3471 | D:4      | Reached skill level 1 in Armour
  3485 | D:4      | Noticed Menkaure
  3499 | D:4      | Killed Menkaure
  3500 | D:4      | Reached skill level 1 in Conjurations
  3500 | D:4      | Reached XP level 7. HP: 13/40 MP: 11/11
  3659 | D:4      | Noticed Natasha
  3673 | D:4      | Killed Natasha
  3990 | D:4      | Found an iron altar of Okawaru.
  4013 | D:4      | Noticed Eustachio
  4019 | D:4      | Killed Eustachio
  4309 | D:5      | Entered Level 5 of the Dungeon
  4403 | D:5      | Reached XP level 8. HP: 23/45 MP: 13/13
  4540 | D:5      | Found Guemecwu's CLEARANCE SALE!.
  4836 | D:5      | Reached skill level 6 in Stealth
  4925 | D:5      | Found a staircase to the Ecumenical Temple.
  4933 | Temple   | Entered the Ecumenical Temple
  4949 | Temple   | Became a worshipper of the Wu Jian Council
  6000 | D:6      | Reached skill level 5 in Short Blades
  6000 | D:6      | Reached XP level 9. HP: 49/52 MP: 15/15
  6353 | D:6      | Reached skill level 5 in Dodging
  7022 | D:7      | Reached skill level 7 in Stealth
  7022 | D:7      | Reached skill level 5 in Hexes
  7490 | D:7      | Reached * piety under Wu Jian
  7767 | D:7      | Reached XP level 10. HP: 58/58 MP: 17/17
  8095 | D:7      | Identified the +2 pair of boots of Sin {Harm rN+}
  8473 | D:8      | Noticed an elephant
  8498 | D:8      | Slain by an elephant

Illustrated notes

Levels and vault maps discovered:
D:1:      dpeg_arrival_oval, layout_basic, nicolae_wormholes
D:2:      layout_basic, kennysheep_generic_room_15
D:3:      layout_basic, worldfamousw_hep_ancestral_shrine, nicolae_eternal_life,
          nicolae_shop_unique_rings, minmay_stone_trees_small
D:4:      layout_cave_pods, okawaru_gym_becter, uniq_menkaure, uniq_eustachio,
          uniq_natasha
D:5:      layout_layer_cave, minmay_temple_entry_slanted, nicolae_shop_clearance
D:6:      layout_loops_ring, grunt_ministairs_10
D:7:      layout_basic, serial_park_tiny_1
D:8:      kennysheep_ambush_hall, layout_loops_ring,
          grunt_lair_entry_orc_guard_hut, item_on_display_a
Temple:   nicolae_temple_bog_church

Skill      XL: |  1  2  3  4  5  6  7  8  9 10 |
---------------+-------------------------------+-----
Short Blades   | 2 3 4 5 6 |  6.1
Fighting       | 1 2 3 4 |  4.8
Dodging        | 3 4 5 |  5.8
Ice Magic      | 1 2 3 4 |  4.0
Spellcasting   | 3 4 |  4.9
Stealth        | 5 6 7 |  7.5
Armour         | 1 2 3 |  3.2
Conjurations   | 1 2 3 |  3.6
Hexes          | 4 5 |  5.3

Action                     |  1- 3 |  4- 6 |  7- 9 | 10-12 || total
---------------------------+-------+-------+-------+-------++-------
  Melee: Dagger            |    56 |    84 |   141 |       ||   281
         Punch             |       |       |     2 |       ||     2
         Rapier            |       |       |    91 |    16 ||   107
   Cast: Ensorcelled Hiber |     2 |    21 |    53 |     3 ||    79
         Confusing Touch   |       |       |     6 |     1 ||     7
         Tukima's Dance    |       |       |     3 |       ||     3
Ability: Lunge             |       |       |    18 |     1 ||    19
         Whirlwind         |       |       |     1 |       ||     1
  Evoke: Wand              |       |       |     3 |       ||     3
    Use: Potion            |       |     1 |       |       ||     1
         Scroll            |       |       |    14 |       ||    14
   Stab: Sleeping          |    22 |    25 |    43 |     5 ||    95
         Distracted        |     1 |       |     1 |       ||     2
         Invisible         |       |     1 |       |       ||     1
         Confused          |       |       |     5 |       ||     5
 Armour: Robe              |    11 |    29 |    84 |     8 ||   132
  Dodge: Dodged            |    22 |    53 |   173 |    13 ||   261

Table legend: (Time is in decaauts)
 A = Elapsed time spent in this place.
 B = Non-inter-level travel time spent in this place.
 C = Inter-level travel time spent in this place.
 D = Time resting spent in this place.
 E = Time spent auto-exploring this place.
 F = Levels seen in this place.
 G = Mean time per level.
                   A        B        C        D        E       F      G
               +--------+--------+--------+--------+--------+-----+--------+
         Total |   8440 |   8193 |    247 |   1573 |   5092 |   9 |  937.8 |
       Dungeon |   8411 |   8164 |    247 |   1573 |   5092 |   8 | 1051.4 |
        Temple |     29 |     29 |      0 |      0 |      0 |   1 |   29.0 |
               +--------+--------+--------+--------+--------+-----+--------+

Top non-repeatable levels by time:
     D:7: 1597 daAuts
     D:4: 1489 daAuts
     D:5: 1337 daAuts
     D:3: 1324 daAuts
     D:6: 1145 daAuts
     D:1: 968 daAuts
     D:2: 502 daAuts
     D:8: 46 daAuts
  Temple: 29 daAuts
